AoeStats
← kingofkings

MegaRandom

510297114Analyzed
2v2 RM · 2d ago on Sep 30, 2026· 28m 35s· 4 players
Game mode
Random Map
Map size
Medium (4 player)
Population
200
Speed
Normal
Resources
Standard
Victory
Conquest
Starting age
Dark Age
Ending age
Imperial Age
RankedLock teamsTeams togetherTeam positionsShared explorationLock speedFull tech treeHidden civsTurbo modeCheats
Victory
Defeat
🇮🇹 Varangians · Italy
1240
+12
🇮🇹 Mongols · Italy
1158
+15
🇩🇪 Lithuanians · Germany
1161
-14
🇮🇳 Goths · India
1131
-13
fede
11:42 Feudal Age
13:08 Double-Bit Axe
16:17 Castle Age
14:41 Forging
15:46 Scale Barding Armor
15:37 Horse Collar
17:36 Chain Barding Armor
19:09 Bow Saw
20:21 Wheelbarrow
21:28 Loom
25:49 Gold Mining
26:51 Iron Casting
kingofkings
0:41 Loom
11:29 Feudal Age
16:02 Castle Age
14:39 Double-Bit Axe
14:38 Horse Collar
17:09 Bow Saw
17:36 Wheelbarrow
20:58 Stone Mining
20:59 Gold Mining
21:50 Heavy Plow
24:37 Forging
24:28 Scale Mail Armor
25:54 Iron Casting
25:37 Squires
24:59 Pikeman
26:25 Chain Mail Armor
Mich
7:28 Loom
12:55 Feudal Age
15:11 Bloodlines
17:51 Castle Age
16:56 Bloodlines
18:00 Scale Barding Armor
19:54 Double-Bit Axe
25:12 Chain Barding Armor
25:40 Husbandry
25:52 Forging
dannythechef
8:18 Loom
10:30 Feudal Age
16:15 Castle Age
15:03 Bloodlines
15:06 Forging
22:07 Horse Collar
22:15 Double-Bit Axe
23:40 Scale Barding Armor
25:34 Gold Mining
28:07 Chain Barding Armor
Connection lost

Rejoining the realm…

Still unreachable

The connection could not be restored.

Session expired

The server has moved on; the page needs a fresh start.